 Dungeon Crawl Stone Soup version 0.20.1-1-g8b1a95d (webtiles) character file.

156 StormFighter the Ruffian (level 5, -5/27 HPs)
             Began as a Vine Stalker Fighter on July 8, 2017.
             Slain by an ice beast (12 damage)
             ... on level 3 of the Dungeon.
             The game lasted 00:03:36 (1778 turns).

StormFighter the Ruffian (Vine Stalker Fighter)     Turns: 1778, Time: 00:03:37

Health: -5/27      AC:  8    Str: 19    XL:     5   Next: 37%
Magic:  0/6        EV:  4    Int:  8    God:
Gold:   259        SH:  9    Dex: 14    Spells: 4/4 levels left

rFire    . . .     SeeInvis .     - Unarmed
rCold    . . .     Gourm    .   b - +0 shield
rNeg     . . .     Faith    .   o - +0 chain mail
rPois    .         Spirit   +   (no helmet)
rElec    .         Reflect  .   (no cloak)
rCorr    .         Harm     .   (no gloves)
MR       .....                  (no boots)
Stlth    ..........             (no amulet)
Regen    0.5/turn               (no ring)
MPRegen  0.1/turn               (no ring)

@: no status effects
A: fangs 2, regeneration 1, magic shield, antimagic bite, no potion heal 3, rot
immunity
a: no special abilities


You were on level 3 of the Dungeon.
You were not hungry.

You visited 1 branch of the dungeon, and saw 3 of its levels.

You collected 259 gold pieces.

Inventory:

Armour
 b - a +0 shield (worn)
 o - a +0 chain mail (worn)
Jewellery
 h - an uncursed ring of ice
 q - a cursed amulet of inaccuracy {unknown}
Scrolls
 a - 2 scrolls of remove curse
 e - 4 scrolls of fear {unknown}
 l - a scroll of recharging
 p - 2 scrolls of teleportation {unknown}
 s - a scroll of fog {unknown}
 t - a scroll of identify
 u - a scroll of amnesia {unknown}
Potions
 c - 2 potions of might
 f - 2 potions of lignification {unknown}
 k - a potion of magic {unknown}
 m - a potion of berserk rage {unknown}
 n - a potion of curing {unknown}
 r - a potion of mutation {unknown}
Comestibles
 d - 2 bread rations
 g - 2 fruits
 i - 2 meat rations
 j - a royal jelly


   Skills:
 - Level 2.6 Fighting
 - Level 2.4 Armour
 - Level 2.6 Shields
 + Level 5.4 Unarmed Combat


You had 4 spell levels left.
You didn't know any spells.

Dungeon Overview and Level Annotations

Branches:
Dungeon (3/15)

Altars:
Elyvilon
Nemelex Xobeh
Uskayaw


Innate Abilities, Weirdness & Mutations

You have extremely sharp teeth.
Your natural rate of healing is unusually fast.
When hurt, damage is shared between your health and your magic reserves.
Your bite disrupts and absorbs the magic of your enemies.
Potions cannot restore your health.
You are immune to rotting.


Message History

The ice beast is lightly wounded.
You block the ice beast's attack.
You closely miss the ice beast. Your bite misses the ice beast.
The ice beast is lightly wounded.
The ice beast hits you but does no damage.
You hit the ice beast but do no damage. The ice beast hits you.
The ice beast freezes you!
You punch the ice beast!
You bite the ice beast, but do no damage.
The ice beast is moderately wounded.
The ice beast hits you. The ice beast freezes you!
* * * LOW HITPOINT WARNING * * *
You are too injured to fight recklessly!
You are too injured to fight recklessly!
You are too injured to fight recklessly!
You are too injured to fight recklessly!
The ice beast hits you.
* * * LOW HITPOINT WARNING * * *
The ice beast freezes you!
You die...

#.# #. # #.# #.# #.# #.#
#.##### #.....# #####Y#
########## ##@##
...>.....### #####...##
######.....
..........#### #..###
####.........######.....
##.....##.##.........
##...###.##.###.####
##.####....# #.#
#.###...#.###.#
#.##.##.†..##.#


You could see an ice beast.

Vanquished Creatures
  An orc priest (D:3)
  An orc wizard (D:3)
  An adder (D:3)
  3 oozes
  A worm (D:2)
  3 dart slugs
  4 leopard geckos
  5 orcs
  6 bats
  3 giant cockroaches
  9 hobgoblins
  7 kobolds
  A ball python (D:1)
  5 frilled lizards
  7 goblins
  3 rats
  2 fungi (D:2)
62 creatures vanquished.

Notes
Turn   | Place    | Note
-------+----------+-------------------------------------------
     0 | D:1      | StormFighter the Vine Stalker Fighter began the quest for the Orb.
     0 | D:1      | Reached XP level 1. HP: 11/11 MP: 2/2
    88 | D:1      | Reached XP level 2. HP: 14/16 MP: 3/3
   118 | D:1      | Reached skill level 3 in Unarmed Combat
   451 | D:1      | Reached XP level 3. HP: 19/19 MP: 4/4
   932 | D:2      | Found a hide-covered altar of Uskayaw.
  1127 | D:2      | Reached skill level 4 in Unarmed Combat
  1169 | D:2      | Found a faded altar of an unknown god.
  1213 | D:2      | Gained mutation: Your natural rate of healing is unusually fast. [Vine Stalker growth]
  1213 | D:2      | Reached XP level 4. HP: 14/23 MP: 5/5
  1369 | D:3      | Found a white marble altar of Elyvilon.
  1484 | D:2      | Reached skill level 5 in Unarmed Combat
  1484 | D:2      | Reached XP level 5. HP: 11/27 MP: 2/6
  1609 | D:3      | Found a sparkling altar of Nemelex Xobeh.
  1761 | D:3      | Noticed an ice beast
  1778 | D:3      | Slain by an ice beast

Skill      XL: |  1  2  3  4 |
---------------+-------------+-----
Unarmed Combat | 3 4 5 |  5.4
Fighting       | |  2.6
Armour         | |  2.4
Shields        | |  2.6

Action                   |  1- 3 |  4- 6 || total
-------------------------+-------+-------++-------
Melee: Unarmed           |   143 |    71 ||   214
       Bite              |    36 |    25 ||    61
  Use: Scroll            |     3 |       ||     3
  Eat: Chunk             |     1 |     2 ||     3
Armor: Scale mail        |    36 |       ||    36
       Chain mail        |    17 |    18 ||    35
Dodge: Dodged            |    30 |     9 ||    39
Block: Shield            |    64 |    25 ||    89
